Cogmind - Beta 12 X1 @@@ ROGUE MODE // 2022.07.21 @ 16:19:46 Player: Boris Result: Destroyed by MAIN.C with Omega Cannon Performance ------------- Evolutions (9) 4500 Regions Visited (28) 5600 Robots Destroyed (162) 810 Value Destroyed (8101) 8101 Prototype IDs (48) 960 Alien Tech Used (5) 1000 Bonus (20104) 20104 TOTAL SCORE: 41075 Bonus ------- High Alert Combat Kills 425 Follower Combat Kills 1709 Entered DSFs 500 Network Hubs Disabled 200 Met Warlord at Base 500 MAIN.C Attacked Warlord 500 Warlord Defense Kills 1750 A7 Reached Mainframe 300 Hacked Protovariant 500 Met Warlord at Research 2000 Scanned by Researcher 500 Destroyed MAIN.C Guards 500 Met MAIN.C 5000 Destroyed MAIN.C Shell 5000 Met Warlord at Command 2000 Friendly Fire -1280 Cogmind --------- Core Integrity 0/1600 Matter 300/300 Energy 84/100 System Corruption 13% Temperature Cool (0) Movement Walking (120) Location -1/Command Parts ------- > --- POWER (2) -------- (None) > --- PROPULSION (8) --- High-density Centrium Leg > --- UTILITY (12) ----- Improved Melee Analysis Suite Advanced Target Analyzer Core Analyzer Advanced Actuator Array Advanced Focal Shield > --- WEAPON (3) ------- Power Sword > --- INVENTORY (5) ---- (None) Peak State ------------ > --- POWER ------------ Quantum Reactor Light Quantum Reactor > --- PROPULSION ------- Biometal Heavy Treads Biometal Heavy Treads Myomer Leg Myomer Leg Biometal Leg Biometal Leg > --- UTILITY ---------- Machine Analyzer Spectral Analyzer Advanced Target Analyzer Core Analyzer Quantum Capacitor Advanced Actuator Array Layered Heavy Armor Plating Advanced Focal Shield Point Defense Array Advanced Hacking Suite > --- WEAPON ----------- Null Cannon Sigix Broadsword > --- INVENTORY -------- Advanced Hardlight Generator Point Defense Array Point Defense Array Advanced Datajack Power Sword [Rating: 204] Favorites ----------- Power Quantum Reactor Engine Backup Power III Power Core Fission Core Reactor Quantum Reactor Propulsion Impulse Thruster Array Treads Centrium Heavy Treads Leg Myomer Leg Wheel Compact Wheel Hover Unit Backup Propulsion VII Flight Unit Impulse Thruster Array Utility Improved Hacking Suite Device Improved Sensor Array Storage Small Storage Unit Processor Spectral Analyzer Hackware Improved Hacking Suite Protection Medium Reactive Plating Artifact Phase Armor Weapon Sigix Broadsword Energy Gun Plasma Rifle Energy Cannon Null Cannon Ballistic Gun Improved Assault Rifle Launcher Smartbomb Launcher Impact Weapon Powered Hammer Slashing Weapon Sigix Broadsword Piercing Weapon Enhanced Force Lance Special Melee Weapon Advanced Datajack Build | -11 -10 -9 -8 -7 -7 -6 -6 -6 -6 -6 -6 -6 -5 -5 -5 -5 -5 -5 -4 -4 -4 -4 -3 -3 -2 -2 -1 -1 ------- Run | Scr Mat Mat Mat Fac DSF Fac Was Fac Ext Cet Arc Hub Fac Was Fac Upp Upp War Pro Fac Was Fac Res Tes Res Qua Acc Com Slots Evolved 18 | . . 2 2 2 . 2 . . . . . . 2 . . . . . . 2 . . 2 . 2 . 2 . Power 1 | . . . . . . 1 . . . . . . . . . . . . . . . . . . . . . . Propulsion 6 | . . 1 1 1 . . . . . . . . 1 . . . . . . . . . . . 1 . 1 . Utility 10 | . . 1 1 1 . 1 . . . . . . 1 . . . . . . 2 . . 1 . 1 . 1 . Weapon 1 | . . . . . . . . . . . . . . . . . . . . . . . 1 . . . . . Parts Attached 269 | 6 6 3 9 . 1 3 2 4 30 9 10 1 10 10 8 2 3 14 4 8 2 6 8 12 3 17 16 62 Power 27 | 1 . . 1 . . . . 2 2 2 . . 1 3 1 . 1 . . 1 1 . 1 . . 2 3 5 Engine 10 | 1 . . 1 . . . . 2 2 . . . . 1 1 . . . . . . . . . . . . 2 Core 4 | . . . . . . . . . . 1 . . 1 . . . 1 . . . . . . . . 1 . . Reactor 13 | . . . . . . . . . . 1 . . . 2 . . . . . 1 1 . 1 . . 1 3 3 Propulsion 53 | 2 2 2 3 . . . . 1 5 2 1 . 3 3 2 . 1 2 . . . . . 1 . 4 2 17 Treads 12 | 2 . . . . . . . . 3 2 1 . . . . . . . . . . . . . . . . 4 Leg 7 | . . . . . . . . . . . . . . . . . . . . . . . . . . . 1 6 Wheel 2 | . . . . . . . . . . . . . . . . . . . . . . . . . . . . 2 Hover 9 | . . . 1 . . . . . . . . . 1 . . . . . . . . . . . . 2 . 5 Flight 23 | . 2 2 2 . . . . 1 2 . . . 2 3 2 . 1 2 . . . . . 1 . 2 1 . Utility 105 | 1 2 . 3 . . 3 1 . 6 1 7 1 5 4 3 2 1 5 2 3 1 3 4 5 2 6 4 30 Device 53 | . . . . . . 2 1 . 2 1 5 . 3 2 . 1 . 4 2 1 1 2 3 3 . 2 1 17 Storage 2 | 1 . . . . . . . . . . . . . . . . . . . . . . . . . . . 1 Processor 13 | . 2 . . . . . . . 1 . . . 2 . . . . 1 . 1 . . . 1 . . . 5 Hackware 16 | . . . 1 . . 1 . . . . . 1 . . 2 . . . . 1 . . . 1 2 1 3 3 Protection 19 | . . . 2 . . . . . 3 . 2 . . 2 1 1 1 . . . . 1 1 . . 1 . 4 Artifact 2 | . . . . . . . . . . . . . . . . . . . . . . . . . . 2 . . Weapon 84 | 2 2 1 2 . 1 . 1 1 17 4 2 . 1 . 2 . . 7 2 4 . 3 3 6 1 5 7 10 Energy Gun 11 | . . . . . . . . . 3 3 1 . 1 . . . . . . . . . 1 2 . . . . Energy Cannon 8 | . . . . . . . . . . . . . . . . . . . . . . . . 2 . . 3 3 Ballistic Gun 9 | 2 2 . 1 . 1 . . . 2 . 1 . . . . . . . . . . . . . . . . . Ballistic Cannon . | . . . . . . . . . . . . . . . . . . . . . . . . . . . . . Launcher 15 | . . 1 . . . . . . 2 1 . . . . . . . 3 1 2 . 1 . . 1 2 1 . Special Weapon . | . . . . . . . . . . . . . . . . . . . . . . . . . . . . . Impact Weapon 6 | . . . 1 . . . 1 . 2 . . . . . . . . . . . . . . . . 1 1 . Slashing Weapon 22 | . . . . . . . . 1 5 . . . . . 2 . . 4 1 2 . 1 . . . 1 . 5 Piercing Weapon 5 | . . . . . . . . . . . . . . . . . . . . . . 1 1 2 . 1 . . Special Melee Weapon 8 | . . . . . . . . . 3 . . . . . . . . . . . . . 1 . . . 2 2 Unidentified Prototypes 26 | . 2 . 1 . . . . 1 . 2 . . . 1 . . . 4 1 1 1 . . 3 . 5 1 3 Corrupted Parts 3 | . . . . . . . . . 1 1 . . . . . . . . . . . . . . . . . 1 System Corruption 6 | . . . . . . . . . 4 1 . . . . . . . . . . . . . . . . . 1 Parts Lost 58 | . . . . . . . . . 6 . 1 6 5 . 2 . . . . 2 . . 4 2 . . 13 17 Power 10 | . . . . . . . . . 1 . . 1 1 . 2 . . . . 1 . . . . . . 2 2 Propulsion 15 | . . . . . . . . . 2 . . 1 2 . . . . . . . . . 2 . . . 4 4 Utility 25 | . . . . . . . . . 3 . . 3 1 . . . . . . 1 . . 2 1 . . 6 8 Weapon 8 | . . . . . . . . . . . 1 1 1 . . . . . . . . . . 1 . . 1 3 Highest Loss Streak 16 | . . . . . . . . . 6 . 1 3 5 . 1 . . . . 2 . . 4 2 . . 10 16 To Critical Strikes 1 | . . . . . . . . . . . . . . . . . . . . . . . . . . . . 1 Average Slot Usage (%) 81 | . 80 82 95 84 84 85 86 86 90 86 84 78 44 81 86 82 82 86 88 84 85 86 84 81 77 79 74 79 Engine 3 | . 14 11 9 7 7 6 6 6 5 2 . . . 9 10 5 5 9 11 9 1 . . . . . . 1 Reactor 3 | . . . . . . . . . . 3 6 6 2 . . . . . . . 4 5 4 4 4 4 6 6 Treads 5 | . 22 . . . . . . . 5 20 20 19 5 . . . . . . . . . . . . . . 7 Leg 2 | . . . . . . . . . . . . . . . . . . . . . . . . . . . . 11 Flight 14 | . 4 31 36 30 30 26 26 26 26 3 . . 3 20 22 23 23 27 29 26 26 26 21 18 17 17 15 . Device 10 | . . . . . . 9 13 13 12 12 19 13 10 17 6 7 5 4 5 4 5 7 12 14 13 10 11 10 Processor 9 | . 1 22 18 15 15 9 6 6 6 6 6 6 8 12 11 11 11 11 11 11 15 15 13 10 10 8 8 12 Hackware 13 | . . . 6 7 7 11 13 13 10 . . 5 5 5 15 17 17 17 17 21 21 21 15 14 18 23 26 14 Protection 5 | . . . 6 7 7 6 6 6 7 20 11 10 . 3 4 3 5 5 5 5 5 2 4 4 4 3 . 3 Energy Gun 2 | . . . . . . . . . 1 7 10 11 3 9 . . . . . . . 2 2 3 4 . . . Ballistic Gun 1 | . 25 11 2 7 7 6 6 6 1 3 2 . . . . . . . . . . . . . . . . . Launcher 1 | . . 6 7 . . . . . . 1 . . . . . . . 3 4 4 5 1 1 . 3 3 . . Slashing Weapon 2 | . . . . . . . . 3 3 . . . . . 10 11 11 3 . . . . . . . . 3 6 Naked Turns . | . . . . . . . . . . . . . . . . . . . . . . . . . . . . . Heaviest Build 107 | 13 16 12 15 14 14 17 18 22 67 91 88 69 43 27 29 27 27 32 32 41 43 42 40 44 43 47 54 107 Greatest Support 188 | 40 40 14 18 18 18 18 18 24 68 188 188 183 160 41 41 35 35 42 34 44 42 42 42 46 46 54 54 178 Greatest Overweight (x) 5 | . 1 . . . 2 . . . 1 . . . . . . . . . . . 1 . 3 . . . 2 5 Average Overweight (x) . | . . . . . . . . . . . . . . . . . . . . . . . . . . . . . Largest Inventory Capacity 10 | 8 8 5 5 5 5 5 5 5 5 5 5 5 5 5 5 5 5 5 5 5 5 5 5 5 5 5 5 10 Average Capacity 5 | 6 7 5 5 5 5 5 5 5 5 5 5 5 5 5 5 5 5 5 5 5 5 5 5 5 5 5 5 5 Most Carried 8 | 3 8 5 5 5 5 5 5 5 5 5 5 5 5 5 5 5 5 5 5 5 5 5 5 5 5 5 5 5 Average Carried 4 | 2 6 4 4 5 4 5 5 4 4 4 4 5 4 5 4 5 4 4 4 4 4 4 4 4 4 4 4 3 Final Capacity 8 | 8 5 5 5 5 5 5 5 5 5 5 5 5 5 5 5 5 5 5 5 5 5 5 5 5 5 5 5 5 Final Carried 5 | 3 5 5 5 5 5 5 5 5 5 5 5 5 5 5 5 5 5 5 5 5 5 5 5 5 5 5 4 . Class Distribution -------------------- 23% | Scavenger-Mutant 19% | Hacker-Sprinter 18% | Hacker-Scout 7% | Wizard-Gladiator 6% | Mutant 5% | Wizard-Ninja 3% | Sprinter 3% | Wizard-Mutant Dominant Class ---------------- Mutant | -10/Materials Sprinter | -9/Materials Sprinter | -8/Materials Sprinter | -7/Factory Sprinter | -7/DSF Hacker-Sprinter | -6/Factory Hacker-Sprinter | -6/Waste Hacker-Sprinter | -6/Factory Hacker-Sprinter | -6/Extension Scavenger-Mutant | -6/Cetus Scavenger-Mutant | -6/Archives Scavenger-Mutant | -6/Hub_04(d) Scavenger-Mutant | -5/Factory Sprinter | -5/Waste Hacker-Sprinter | -5/Factory Hacker-Sprinter | -5/Upper Caves Hacker-Sprinter | -5/Upper Caves Hacker-Scout | -5/Warlord Hacker-Scout | -4/Proximity Caves Hacker-Sprinter | -4/Factory Hacker-Sprinter | -4/Waste Hacker-Scout | -4/Factory Hacker-Scout | -3/Research Hacker-Scout | -3/Testing Hacker-Scout | -2/Research Wizard-Scout | -2/Quarantine Wizard-Ninja | -1/Access Wizard-Gladiator | -1/Command Resources | -11 -10 -9 -8 -7 -7 -6 -6 -6 -6 -6 -6 -6 -5 -5 -5 -5 -5 -5 -4 -4 -4 -4 -3 -3 -2 -2 -1 -1 ----------- Run | Scr Mat Mat Mat Fac DSF Fac Was Fac Ext Cet Arc Hub Fac Was Fac Upp Upp War Pro Fac Was Fac Res Tes Res Qua Acc Com Matter Collected 3806 | 280 13 . 150 . . . . 106 439 208 209 3 81 110 31 85 40 444 232 . 116 50 118 100 72 170 108 641 Remotely . | . . . . . . . . . . . . . . . . . . . . . . . . . . . . . Salvage Created 8091 | 74 13 . 205 . 12 . . 129 651 477 645 288 68 . 31 60 68 583 394 . . 178 81 370 85 225 1056 2398 Parts 354 | 2 5 . 7 . . . . 5 27 15 27 15 9 . 3 2 3 30 11 . . 4 4 21 3 17 45 99 Haulers Intercepted 7 | . . . 2 . . . . 1 1 . . . . . . . . . 1 . . . . 1 . . 1 . Recyclers Shooed 1 | . . . . . . . . . . . . . . . . . . . . . . . . 1 . . . . Parts Field Recycled . | . . . . . . . . . . . . . . . . . . . . . . . . . . . . . Retrieved Matter . | . . . . . . . . . . . . . . . . . . . . . . . . . . . . . Parts Self-Destructed 9 | . . . . . . . . . . . . . . . . . . . 9 . . . . . . . . . Prevented . | . . . . . . . . . . . . . . . . . . . . . . . . . . . . . Kills | -11 -10 -9 -8 -7 -7 -6 -6 -6 -6 -6 -6 -6 -5 -5 -5 -5 -5 -5 -4 -4 -4 -4 -3 -3 -2 -2 -1 -1 ------- Run | Scr Mat Mat Mat Fac DSF Fac Was Fac Ext Cet Arc Hub Fac Was Fac Upp Upp War Pro Fac Was Fac Res Tes Res Qua Acc Com Combat Hostiles Destroyed 92 | . . . 1 . . . . . 9 9 4 1 1 . . . . 22 7 . . 2 1 2 1 . 11 21 Melee 31 | . . . . . . . . . 3 . . . . . . . . . 1 . . 1 1 2 . . 7 16 Guns 11 | . . . . . . . . . 2 6 2 . 1 . . . . . . . . . . . . . . . Cannons 5 | . . . . . . . . . . . . . . . . . . . . . . . . . . . 2 3 AOE 36 | . . . . . . . . . 1 3 . . . . . . . 22 6 . . 1 . . 1 . 2 . Classes Destroyed 24 | 1 1 . 2 . . . . 1 8 . . 1 . . . 1 1 3 1 . . . . 1 . . 1 2 Worker 14 | . . . . . . . . . 3 . . 4 . . . . . . . . . . . . . . 1 6 Builder 7 | . . . . . . . . . 1 . . 1 1 . . . . . . . . . 1 . . 2 1 . Tunneler 1 | . . . . . . . . . 1 . . . . . . . . . . . . . . . . . . . Hauler 7 | . . . 2 . . . . 1 1 . . . . . . . . . 1 . . . . 1 . . 1 . Recycler 5 | 1 . . 1 . . . . . . . . . . . . . . . . . . . . . . . 1 2 Carrier 1 | . . . . . . . . . . . . 1 . . . . . . . . . . . . . . . . Minesweeper 1 | . . . . . . . . . . . . . . . . . 1 . . . . . . . . . . . Mechanic 3 | . . . . . . . . . . . . . . . . . . 1 . . . . . . . . . 2 Operator 12 | . . . . . . . . 1 . . 9 . . . . . . . . . . . . . . . 1 1 Drone 2 | . . . . . . . . . . . . . . . . . . . . . . . . . . . 2 . Watcher 12 | . 1 . . . . . . . 2 1 . 1 . . 1 . . . . . . . . 1 . . 4 1 Swarmer 6 | . . . . . . . . . 1 . . . . . . . . 5 . . . . . . . . . . Saboteur 4 | . . . . . . . . . . . . . . . . . . 4 . . . . . . . . . . Grunt 42 | . . . . . . . . . 4 6 . . . . . . . 12 5 . . 2 . 2 . . 4 7 Brawler 1 | . . . . . . . . . 1 . . . . . . . . . . . . . . . . . . . Protector 1 | . . . . . . . . . . . . . . . . . . 1 . . . . . . . . . . Researcher 6 | . . . . . . . . . . . . . . . . . . . . . . . . 3 . 3 . . Sentry 12 | . . . 1 . . . . . 1 . 4 1 . . . . . . . . . . 1 . . . 2 2 Hunter 7 | . . . . . . . . . . . . . . . . . . . 2 . . 1 . . 1 . 1 2 Programmer 9 | . . . . . . . . . 1 . . . 1 . . . . . . . . . . . . . 2 5 Behemoth 1 | . . . . . . . . . 1 . . . . . . . . . . . . . . . . . . . Cetus Guard 3 | . . . . . . . . . . 3 . . . . . . . . . . . . . . . . . . M Guard 2 | . . . . . . . . . . . . . . . . . . . . . . . . . . . . 2 Combat Programmer 1 | . . . . . . . . . . . . . . . . . . . . . . . . . . . . 1 Executioner 1 | . . . . . . . . . . . . . . . . . . . . . . . . . . . . 1 Samaritan 5 | . . . . . . . . . . . . . . . . 1 1 . 3 . . . . . . . . . Thug 1 | . . . . . . . . . . 1 . . . . . . . . . . . . . . . . . . Mutant 1 | . . . . . . . . . . . . . . . . . . . . . . . . . . . . 1 Best Kill Streak 8 | 1 1 . 2 . . . . 1 4 6 5 7 1 . 1 . 1 8 6 . . 1 1 4 1 2 5 5 Combat Bots Only 8 | . . . 1 . . . . . 3 6 1 1 1 . . . . 8 5 . . 1 1 2 1 . 3 4 Max Kills in Single Turn 4 | 1 1 . 1 . . . . 1 3 2 1 4 1 . 1 1 1 4 3 . . 2 1 1 1 1 3 1 Gunslinging . | . . . . . . . . . . . . . . . . . . . . . . . . . . . . . Exploded 4 | . . . . . . . . . 1 2 . . . . . . . 4 2 . . 1 . . 1 . 2 . Melee 1 | . . . . . . . . . 1 . . . . . . . . . 1 . . 1 1 1 . . 1 1 Uniques/NPCs Destroyed 1 | . . . . . . . . . . . . . . . . . . . . . . . . . . . . 1 MAIN.C Shell (-1/Command) Combat | -11 -10 -9 -8 -7 -7 -6 -6 -6 -6 -6 -6 -6 -5 -5 -5 -5 -5 -5 -4 -4 -4 -4 -3 -3 -2 -2 -1 -1 -------- Run | Scr Mat Mat Mat Fac DSF Fac Was Fac Ext Cet Arc Hub Fac Was Fac Upp Upp War Pro Fac Was Fac Res Tes Res Qua Acc Com Damage Taken 14709 | . . 61 44 . 21 . . . 891 904 402 1752 499 . 153 175 . 15 39 103 . 74 277 597 65 81 2938 5618 Core 2383 | . . 14 30 . 12 . . . 164 37 79 98 126 . . 12 . . . 25 . 21 30 80 . . 735 920 Absorbed by Shields 805 | . . . . . . . . . 228 41 . . . . . . . . . . . . . . . . . 536 Reduced by Siege Mode 89 | . . . . . . . . . . . . . 12 . . . . . . . . . . . . . . 77 Regen/Repaired (Parts) 1822 | . . . . . . . . . . . . . . 29 231 . . 52 . . 7 22 . 30 . . 609 842 Core Remaining (%) 91 | 100 100 96 94 . 98 . . . . . . 55 . . . . . . 86 . . 96 . 91 . 100 . . Volleys Fired 292 | 5 1 . . . . . . . 20 48 100 13 6 . . . . 19 12 . 1 3 . 10 4 . 13 37 Largest 2 | 2 1 . . . . . . . 2 2 2 2 1 . . . . 1 1 . 1 1 . 2 1 . 1 1 Hottest 315 | 40 23 . . . . . . . 97 240 155 315 240 . . . . 46 46 . 46 46 . 170 80 . 130 130 Shots Fired 371 | 10 1 . . . . . . . 31 62 141 21 6 . . . . 19 12 . 1 3 . 11 4 . 13 36 Gun 274 | 10 1 . . . . . . . 26 58 141 21 6 . . . . . . . . . . 9 2 . . . Cannon 49 | . . . . . . . . . . . . . . . . . . . . . . . . 2 . . 11 36 Launcher 48 | . . . . . . . . . 5 4 . . . . . . . 19 12 . 1 3 . . 2 . 2 . Special . | . . . . . . . . . . . . . . . . . . . . . . . . . . . . . Kinetic 54 | 10 1 . . . . . . . 14 21 8 . . . . . . . . . . . . . . . . . Thermal 269 | . . . . . . . . . 12 37 133 21 6 . . . . . . . . . . 11 2 . 11 36 Explosive 46 | . . . . . . . . . 5 4 . . . . . . . 19 12 . 1 3 . . 2 . . . Electromagnetic . | . . . . . . . . . . . . . . . . . . . . . . . . . . . . . Entropic 2 | . . . . . . . . . . . . . . . . . . . . . . . . . . . 2 . Robot Hit Streak 22 | 3 2 . . . . . . . 6 11 22 11 5 . . . . 6 . . 7 . . 4 . . 6 15 Robot Miss Streak 6 | 2 . . . . . . . . 5 6 4 1 1 . . . . . . . . . . 1 1 . 3 2 Penetration Max 1 | . . . . . . . . . . . 1 . . . . . . . . . . . . . . . . . Secondary Targets 2 | . . . . . . . . . 1 1 . . . . . . . . . . . . . . . . . . Max Gunslinging Chain 1 | . . . . . . . . . 1 1 . . . . . . . . . . . . . . . . . . Capacitor 7 | . . . . . . . . . . . . . . . . . . . . . . . . . . . . 7 Shots Hit Robots 407 | 5 1 . 6 . . . . 5 46 47 94 14 5 . 2 3 5 1 1 1 1 3 11 17 . 6 28 105 Core Hits 312 | 2 1 . 1 . . . . 2 36 48 37 7 3 . . . 1 59 22 1 . 10 3 10 2 2 16 49 Critical Kills 4 | . . . . . . . . 1 1 . . . . . . . . . . . . . . . . . . 2 Critical Parts Destroyed 7 | . . . 1 . . . . . 6 . . . . . . . . . . . . . . . . . . . Critical Strikes 29 | . . . 1 . . . . 1 7 . 9 1 . . . . . . . . . 1 2 1 . 1 1 4 Burn 10 | . . . . . . . . . . . 9 1 . . . . . . . . . . . . . . . . Meltdown 2 | . . . . . . . . . . . . . . . . . . . . . . . . . . . . 2 Smash 9 | . . . 1 . . . . 1 7 . . . . . . . . . . . . . . . . . . . Sever 3 | . . . . . . . . . . . . . . . . . . . . . . . . . . . 1 2 Impale 5 | . . . . . . . . . . . . . . . . . . . . . . 1 2 1 . 1 . . Melee Attacks 292 | . . . 7 . 2 . . 5 34 . . . . . 6 11 8 15 1 3 . 4 12 26 . 18 39 101 Impact 36 | . . . 7 . 2 . . 4 23 . . . . . . . . . . . . . . . . . . . Slashing 184 | . . . . . . . . 1 4 . . . . . 6 11 8 15 1 3 . . . . . . 37 98 Piercing 60 | . . . . . . . . . . . . . . . . . . . . . . 4 11 26 . 18 1 . Sneak Attacks 48 | . . . 3 . . . . 2 8 . . . . . . 3 2 . . . . . 3 2 . 5 4 16 Combat Hostiles 5 | . . . . . . . . . . . . . . . . . . . . . . . 1 . . . 2 2 Follow-up Attacks 20 | . . . . . . . . . 2 . . . . . . . 1 . . . . . . . . . . 17 Damage Inflicted 29511 | 55 14 . 504 . . . . 342 1811 1750 2176 1016 286 . 94 228 292 4596 1618 35 160 471 600 1056 199 791 3339 8078 Guns 4318 | 55 14 . . . . . . . 413 1036 2113 410 183 . . . . . . . . . . 94 . . . . Cannons 2730 | . . . . . . . . . . . . . . . . . . . . . . . . 143 . . 525 2062 Explosions 9300 | . . . . . . . . . 523 700 . 537 99 . . . . 4596 1565 . 160 250 . . 199 . 671 . Melee 12999 | . . . 504 . . . . 342 861 . . . . . 94 228 292 . 53 35 . 221 600 819 . 791 2143 6016 Ramming 164 | . . . . . . . . . 14 14 63 69 4 . . . . . . . . . . . . . . . Kinetic 912 | 55 14 . . . . . . . 278 438 127 . . . . . . . . . . . . . . . . . Thermal 6136 | . . . . . . . . . 135 598 1986 410 183 . . . . . . . . . . 237 . . 525 2062 Explosive 8092 | . . . . . . . . . 523 700 . . 99 . . . . 4596 1565 . 160 250 . . 199 . . . Electromagnetic 537 | . . . . . . . . . . . . 537 . . . . . . . . . . . . . . . . Impact 1489 | . . . 504 . . . . 240 745 . . . . . . . . . . . . . . . . . . . Slashing 8906 | . . . . . . . . 102 116 . . . . . 94 228 292 . 53 35 . . . . . . 1970 6016 Piercing 2604 | . . . . . . . . . . . . . . . . . . . . . . 221 600 819 . 791 173 . Entropic 671 | . . . . . . . . . . . . . . . . . . . . . . . . . . . 671 . Highest Corruption 14 | . . . . . . . 9 9 13 14 14 4 4 4 4 4 . . . . . . . 2 . . 6 13 Average Corruption 6 | . . . . . . . 9 9 10 13 9 2 3 4 4 2 . . . . . . . 1 . . 2 4 Corruption Purged 24 | . . . . . . . . . . . 14 . . . . 4 . . . . . . . . . . . 6 Corruption Blocked 11 | . . . . . . . . . . . . . . . . . . . . . . . . . 11 . . . Effects 126 | . . . . . . . 1 3 36 15 18 1 4 2 7 1 . . . . . . . . . . 4 34 Message Errors 27 | . . . . . . . . . 7 3 5 . . . 1 . . . . . . . . . . . 1 10 Matter Fused 26 | . . . . . . . . 1 7 2 1 . 2 1 2 1 . . . . . . . . . . 2 7 Heat Flow Errors 19 | . . . . . . . . . 8 . 3 1 . . 1 . . . . . . . . . . . . 6 Energy Discharges 13 | . . . . . . . . 1 3 1 3 . 1 . 1 . . . . . . . . . . . . 3 Parts Rejected 3 | . . . . . . . 1 . 1 1 . . . . . . . . . . . . . . . . . . Data Loss (minor) 15 | . . . . . . . . 1 2 2 1 . 1 1 2 . . . . . . . . . . . 1 4 Data Loss (major) 9 | . . . . . . . . . 5 . 2 . . . . . . . . . . . . . . . . 2 Misfires 1 | . . . . . . . . . . 1 . . . . . . . . . . . . . . . . . . Alerts 1 | . . . . . . . . . . . . . . . . . . . . . . . . . . . . 1 Misdirections 1 | . . . . . . . . . 1 . . . . . . . . . . . . . . . . . . . Weapon Failures 11 | . . . . . . . . . 2 5 3 . . . . . . . . . . . . . . . . 1 Overload Shots 6 | . . . . . . . . . . 3 . 2 1 . . . . . . . . . . . . . . . Overflow Damage 3019 | . . . 181 . . . . . 343 . . 26 3 . 37 120 137 145 60 . . 129 . 12 . 524 754 548 Projectiles 10 | . . . . . . . . . . . . . . . . . . . . . . . . . . . 10 . Explosions 469 | . . . . . . . . . . . . 26 3 . . . . 145 60 . . . . . . . 235 . Melee 2540 | . . . 181 . . . . . 343 . . . . . 37 120 137 . . . . 129 . 12 . 524 509 548 Knockbacks 3 | . . . . . . . . . 2 1 . . . . . . . . . . . . . . . . . . Impact 3 | . . . . . . . . . 2 1 . . . . . . . . . . . . . . . . . . Kinetic . | . . . . . . . . . . . . . . . . . . . . . . . . . . . . . Secondary . | . . . . . . . . . . . . . . . . . . . . . . . . . . . . . Self-Inflicted Damage 353 | . . . . . . . . . . 46 . . . . . . . . . . . . . . . . 307 . Shots 3 | . . . . . . . . . . 1 . . . . . . . . . . . . . . . . 2 . Rammed 34 | 1 . . . . . . . . 3 6 7 13 4 . . . . . . . . . . . . . . . Targets Rammed 34 | 1 . . . . . . . . 3 6 7 13 4 . . . . . . . . . . . . . . . Kicked . | . . . . . . . . . . . . . . . . . . . . . . . . . . . . . Crushed . | . . . . . . . . . . . . . . . . . . . . . . . . . . . . . Highest Temperature 452 | . . . . . . . . . 288 264 452 351 134 . 107 8 . 126 58 47 137 65 199 174 38 . 258 401 Average Temperature 83 | . . . . . . . . . 100 98 147 122 68 . 61 5 . 31 19 23 51 19 68 53 16 . 88 164 Received Heat Transfer 1736 | . . 27 18 . . . . . 293 191 90 414 . . 27 9 . . 9 18 . . 45 45 . . 243 307 Effects 9 | . . . . . . . . . 2 . 2 . . . . . . . . . . . . . . . 2 3 Shutdowns 3 | . . . . . . . . . . . 1 . . . . . . . . . . . . . . . . 2 Interference 4 | . . . . . . . . . 2 . . . . . . . . . . . . . . . . . 2 . Short Circuit 1 | . . . . . . . . . . . 1 . . . . . . . . . . . . . . . . . Damage (minor) 1 | . . . . . . . . . . . . . . . . . . . . . . . . . . . . 1 Siege Activations 2 | . . . . . . . . . . . . . 1 . . . . . . . . . . . . . . 1 Total Turns 31 | . . . . . . . . . . . . . 9 . . . . . . . . . . . . . . 22 Longest Duration 22 | . . . . . . . . . . . . . 9 . . . . . . . . . . . . . . 22 Robots Corrupted 1 | . . . . . . . . . . . . 1 . . . . . . . . . . . . . . . . Combat Hostiles . | . . . . . . . . . . . . . . . . . . . . . . . . . . . . . Parts Fried 5 | . . . 1 . . . . . 2 . . 2 . . . . . . . . . . . . . . . . Impact Corruptions 13 | . . . 5 . . . . . 8 . . . . . . . . . . . . . . . . . . . Robots Melted 5 | . . . . . . . . . . . 2 1 . . . . . . . . . . . . . . . 2 Combat Hostiles 5 | . . . . . . . . . . . 2 1 . . . . . . . . . . . . . . . 2 Parts Melted 23 | . . . . . . . . . . 1 19 2 . . . . . 1 . . . . . . . . . . Heat Transferred 8398 | . . . . . . . . . 259 1083 4882 709 185 . . . . . . . . . . 211 . . 300 769 Parts Sabotaged . | . . . . . . . . . . . . . . . . . . . . . . . . . . . . . Parts Stolen . | . . . . . . . . . . . . . . . . . . . . . . . . . . . . . Parts Stripped . | . . . . . . . . . . . . . . . . . . . . . . . . . . . . . Power Chain Reactions 1 | . . . . . . . . . . . . 1 . . . . . . . . . . . . . . . . Missiles Intercepted 2 | . . . . . . . . . . . . . . . . . . . . . . . . . . . . 2 Alert | -11 -10 -9 -8 -7 -7 -6 -6 -6 -6 -6 -6 -6 -5 -5 -5 -5 -5 -5 -4 -4 -4 -4 -3 -3 -2 -2 -1 -1 ------- Run | Scr Mat Mat Mat Fac DSF Fac Was Fac Ext Cet Arc Hub Fac Was Fac Upp Upp War Pro Fac Was Fac Res Tes Res Qua Acc Com Peak Influence 879 | 5 25 172 155 70 67 35 42 80 701 711 470 300 223 87 192 . . . . 354 229 613 429 634 339 254 879 629 Initial 549 | . 3 10 72 70 51 35 12 29 39 408 284 107 . 13 57 . . . . 97 120 160 321 240 339 85 34 549 Average 247 | 2 4 68 124 70 65 35 26 64 332 556 362 62 66 55 108 . . . . 225 191 439 381 359 107 133 217 313 Maximum Alert Level 3 | . . . . . . . . . 3 3 2 1 1 . . . . . . 1 1 2 2 2 1 1 3 2 Low Security (%) 49 | 100 100 100 100 100 100 100 100 100 17 . . 85 83 100 100 . . . . 40 57 14 . . 95 87 61 45 Level 1 26 | . . . . . . . . . 51 8 59 14 16 . . . . . . 59 42 6 61 60 4 12 22 22 Level 2 22 | . . . . . . . . . 27 55 40 . . . . . . . . . . 79 38 39 . . 13 32 Level 3 1 | . . . . . . . . . 3 35 . . . . . . . . . . . . . . . . 1 . Level 4 . | . . . . . . . . . . . . . . . . . . . . . . . . . . . . . Level 5 . | . . . . . . . . . . . . . . . . . . . . . . . . . . . . . High Security . | . . . . . . . . . . . . . . . . . . . . . . . . . . . . . Max Security . | . . . . . . . . . . . . . . . . . . . . . . . . . . . . . Squads Dispatched 41 | . . 3 1 1 1 . . 1 2 . . 3 1 . 3 . . . . 2 . 6 3 5 1 2 1 5 Investigation 16 | . . 3 . 1 . . . . 1 . . . 1 . 2 . . . . 2 . 3 1 1 1 . . . Extermination 9 | . . . . . . . . . . . . 1 . . . . . . . . . 1 1 1 . 1 1 3 Reinforcement 13 | . . . . . 1 . . . 1 . . 2 . . 1 . . . . . . 2 1 2 . 1 . 2 Assault 1 | . . . . . . . . . . . . . . . . . . . . . . . . 1 . . . . Garrison 2 | . . . 1 . . . . 1 . . . . . . . . . . . . . . . . . . . . Intercept . | . . . . . . . . . . . . . . . . . . . . . . . . . . . . . Searches Triggered 1 | . . . . . . . . . . . . . . . . . . . . . . . . . . . . 1 Construction Impeded 1 | . . . . . . . . . 1 . . . . . . . . . . . . . . . . . . . Haulers Reinforced . | . . . . . . . . . . . . . . . . . . . . . . . . . . . . . Active Scanning Responses . | . . . . . . . . . . . . . . . . . . . . . . . . . . . . . Cargo Convoy Interrupts . | . . . . . . . . . . . . . . . . . . . . . . . . . . . . . Stealth | -11 -10 -9 -8 -7 -7 -6 -6 -6 -6 -6 -6 -6 -5 -5 -5 -5 -5 -5 -4 -4 -4 -4 -3 -3 -2 -2 -1 -1 --------- Run | Scr Mat Mat Mat Fac DSF Fac Was Fac Ext Cet Arc Hub Fac Was Fac Upp Upp War Pro Fac Was Fac Res Tes Res Qua Acc Com Distress Signals 13 | . . 1 . . . . . . 2 1 . . . . . . . 1 . 1 . . . . 3 . 1 3 Communications Jammed 31 | . . . . . . . . . . . . . . . . . . . . . . . . . . 2 29 . Distress Signals 31 | . . . . . . . . . . . . . . . . . . . . . . . . . . 2 29 . Times Spotted 416 | . 1 13 2 . 3 . 5 1 34 14 33 15 8 5 14 7 . 58 3 9 5 6 7 35 12 8 64 54 Peak Tracking Total 20 | . 1 9 1 . 3 . 5 1 6 5 1 10 5 2 8 7 . 12 3 5 5 5 4 20 9 5 16 8 Tactical Retreats 21 | . . 1 . . . . . . 1 . . . 3 . 2 . . . . 1 1 1 . 2 . . 9 . Traps | -11 -10 -9 -8 -7 -7 -6 -6 -6 -6 -6 -6 -6 -5 -5 -5 -5 -5 -5 -4 -4 -4 -4 -3 -3 -2 -2 -1 -1 ------- Run | Scr Mat Mat Mat Fac DSF Fac Was Fac Ext Cet Arc Hub Fac Was Fac Upp Upp War Pro Fac Was Fac Res Tes Res Qua Acc Com Traps Triggered 10 | . . . . . . 1 . . 2 . . . 1 . 2 . . . . 1 . . . . . . 2 1 Indirectly . | . . . . . . . . . . . . . . . . . . . . . . . . . . . . . Trap Hack Attempts 12 | . . . . . . . . . 12 . . . . . . . . . . . . . . . . . . . Triggered . | . . . . . . . . . . . . . . . . . . . . . . . . . . . . . Disarmed . | . . . . . . . . . . . . . . . . . . . . . . . . . . . . . Reprogrammed 13 | . . . . . . . . . 3 . . . . . 6 . . . . . . . . . . . 4 . Reused 1 | . . . . . . . . . . . . . . . . . . . . . . . . . . . 1 . Traps Extracted . | . . . . . . . . . . . . . . . . . . . . . . . . . . . . . Installed . | . . . . . . . . . . . . . . . . . . . . . . . . . . . . . Triggered 8 | . . . . . . . . . . . . . . . . 1 . 6 . . . . . . . . 1 . Machines | -11 -10 -9 -8 -7 -7 -6 -6 -6 -6 -6 -6 -6 -5 -5 -5 -5 -5 -5 -4 -4 -4 -4 -3 -3 -2 -2 -1 -1 ---------- Run | Scr Mat Mat Mat Fac DSF Fac Was Fac Ext Cet Arc Hub Fac Was Fac Upp Upp War Pro Fac Was Fac Res Tes Res Qua Acc Com Machines Disabled 35 | . . . . . 1 . . . 1 7 3 5 1 . . . 1 2 . . . 2 . 4 2 4 2 . Max in Single Turn 5 | . . . . . 1 . . . . 2 1 5 1 . . . 1 2 . . . . . 1 1 1 2 . Garrison Access 2 | . . . . . . . . . . . . . . . . . . . . 1 . . . . 1 . . . Network Hub 1 | . . . . . . . . . . . . 1 . . . . . . . . . . . . . . . . Machines Sabotaged 1 | . . 1 . . . . . . . . . . . . . . . . . . . . . . . . . . Garrisons Compromised . | . . . . . . . . . . . . . . . . . . . . . . . . . . . . . Overloaded Fab Kills . | . . . . . . . . . . . . . . . . . . . . . . . . . . . . . Hacking | -11 -10 -9 -8 -7 -7 -6 -6 -6 -6 -6 -6 -6 -5 -5 -5 -5 -5 -5 -4 -4 -4 -4 -3 -3 -2 -2 -1 -1 --------- Run | Scr Mat Mat Mat Fac DSF Fac Was Fac Ext Cet Arc Hub Fac Was Fac Upp Upp War Pro Fac Was Fac Res Tes Res Qua Acc Com Machines Accessed 85 | . 2 3 2 2 . 1 . 2 4 . . 5 3 . 7 1 1 7 . 6 . 5 5 7 3 8 5 6 Terminals 55 | . 2 2 2 1 . 1 . 2 4 . . 5 2 . 4 . . . . 2 . 2 2 5 2 7 4 6 Fabricators 9 | . . . . 1 . . . . . . . . . . . . . . . 2 . 2 2 1 1 . . . Repair Stations 5 | . . . . . . . . . . . . . . . 2 . . . . . . 1 . 1 . . 1 . Recycling Units . | . . . . . . . . . . . . . . . . . . . . . . . . . . . . . Scanalyzers 3 | . . 1 . . . . . . . . . . 1 . 1 . . . . . . . . . . . . . Garrison Access 4 | . . . . . . . . . . . . . . . . . . . . 2 . . 1 . . 1 . . Total Hacks 313 | . 5 10 4 4 . 1 . 3 6 . . 18 11 . 32 1 1 8 . 23 . 25 29 22 16 41 26 27 Successful 182 | . 1 5 2 1 . 1 . 1 4 . . 13 6 . 25 1 1 8 . 19 . 13 16 8 8 20 17 12 Failed 131 | . 4 5 2 3 . . . 2 2 . . 5 5 . 7 . . . . 4 . 12 13 14 8 21 9 15 Catastrophic 25 | . 1 . . . . . . 2 . . . 1 3 . . . . . . . . 1 3 4 3 2 3 2 Database Lockouts . | . . . . . . . . . . . . . . . . . . . . . . . . . . . . . Manual 169 | . 2 6 3 . . . . 3 . . . 14 3 . 11 . . . . 16 . 21 23 7 8 23 13 16 Terminals 231 | . 5 7 4 2 . 1 . 3 6 . . 18 8 . 18 . . . . 10 . 15 21 17 13 33 23 27 Fabricators 24 | . . . . 2 . . . . . . . . . . . . . . . 4 . 8 4 3 3 . . . Repair Stations 16 | . . . . . . . . . . . . . . . 9 . . . . . . 2 . 2 . . 3 . Recycling Units . | . . . . . . . . . . . . . . . . . . . . . . . . . . . . . Scanalyzers 11 | . . 3 . . . . . . . . . . 3 . 5 . . . . . . . . . . . . . Garrison Access 21 | . . . . . . . . . . . . . . . . . . . . 9 . . 4 . . 8 . . Terminal Hacks 105 | . 1 3 1 1 . 1 . . 4 . . 11 2 . 9 1 1 8 . 6 . 2 8 4 7 12 11 12 Record 9 | . . . . . . . . . . . . 1 . . . . 1 7 . . . . . . . . . . Part Schematic 5 | . . . . . . . . . . . . . . . . . . . . 2 . 1 1 . . . 1 . Robot Schematic 2 | . . . . . . . . . . . . 1 . . 1 . . . . . . . . . . . . . Robot Analysis 6 | . . . . . . . . . . . . . . . . . . . . 1 . . . . . 2 . 3 Prototype ID Bank 4 | . . 2 . . . . . . . . . . . . . . . . . . . . 1 . . 1 . . Open Door 7 | . . . . . . . . . 4 . . . . . . 1 . 1 . . . . . . . . . 1 Open DSF 3 | . . . . 1 . 1 . . . . . . . . 1 . . . . . . . . . . . . . Level Access Points 2 | . . . . . . . . . . . . 1 . . . . . . . . . . . . . 1 . . Branch Access Points 5 | . . . . . . . . . . . . . . . 1 . . . . . . 1 1 . 1 . 1 . Machine Index 7 | . . . . . . . . . . . . . 1 . 1 . . . . . . . 1 . 1 1 1 1 Fabricator Index 1 | . . . . . . . . . . . . . . . . . . . . . . . . 1 . . . . Garrison Index 1 | . . . . . . . . . . . . . . . . . . . . 1 . . . . . . . . Alert Level 8 | . . . . . . . . . . . . 1 . . 1 . . . . . . . 1 . . 1 2 2 Unreport Threat 15 | . . . . . . . . . . . . 3 . . . . . . . . . . . . 5 2 2 3 Locate Traps 8 | . . 1 . . . . . . . . . 1 1 . . . . . . 1 . . 1 1 . 1 . 1 Reprogram Traps 2 | . . . . . . . . . . . . . . . 1 . . . . . . . . . . . 1 . Recall Investigation 1 | . . . . . . . . . . . . . . . 1 . . . . . . . . . . . . . Recall Reinforcements 1 | . . . . . . . . . . . . . . . . . . . . . . . . . . 1 . . Hauler Manifests 4 | . 1 . . . . . . . . . . . . . . . . . . 1 . . 1 . . . 1 . Registered Components 2 | . . . . . . . . . . . . . . . 1 . . . . . . . 1 . . . . . Registered Prototypes 2 | . . . . . . . . . . . . . . . 1 . . . . . . . . . . . 1 . Zone Layout 8 | . . . 1 . . . . . . . . 3 . . . . . . . . . . . 1 . 2 1 . Protovariant Controls 1 | . . . . . . . . . . . . . . . . . . . . . . . . 1 . . . . Disengage Seal 1 | . . . . . . . . . . . . . . . . . . . . . . . . . . . . 1 Fabricator Hacks 5 | . . . . . . . . . . . . . . . . . . . . 1 . 3 1 . . . . . Network Status 3 | . . . . . . . . . . . . . . . . . . . . 1 . 1 1 . . . . . Load Schematic 1 | . . . . . . . . . . . . . . . . . . . . . . 1 . . . . . . Build 1 | . . . . . . . . . . . . . . . . . . . . . . 1 . . . . . . Repair Station Hacks 13 | . . . . . . . . . . . . . . . 7 . . . . . . 2 . 2 . . 2 . Scan Component 7 | . . . . . . . . . . . . . . . 4 . . . . . . 1 . 1 . . 1 . Repair 6 | . . . . . . . . . . . . . . . 3 . . . . . . 1 . 1 . . 1 . Recycling Unit Hacks . | . . . . . . . . . . . . . . . . . . . . . . . . . . . . . Scanalyzer 9 | . . 1 . . . . . . . . . . 3 . 5 . . . . . . . . . . . . . Insert Component 6 | . . 1 . . . . . . . . . . 2 . 3 . . . . . . . . . . . . . Analyze 3 | . . . . . . . . . . . . . 1 . 2 . . . . . . . . . . . . . Garrison Access Hacks 1 | . . . . . . . . . . . . . . . . . . . . 1 . . . . . . . . Seal Access 1 | . . . . . . . . . . . . . . . . . . . . 1 . . . . . . . . Unauthorized Hacks 49 | . . 1 1 . . . . 1 . . . 2 1 . 4 . . . . 11 . 6 7 2 1 8 4 . Terminals 21 | . . 1 1 . . . . 1 . . . 2 1 . 4 . . . . 2 . 1 1 1 . 2 4 . Track 2 | . . . . . . . . . . . . . . . 1 . . . . . . . . 1 . . . . Assimilate 5 | . . . . . . . . 1 . . . . . . . . . . . 1 . . . . . 1 2 . Botnet 10 | . . . 1 . . . . . . . . 1 . . 2 . . . . 1 . 1 1 . . 1 2 . Detonate 2 | . . . . . . . . . . . . 1 1 . . . . . . . . . . . . . . . Operators 1 | . . . . . . . . . . . . . . . 1 . . . . . . . . . . . . . Sabotage 1 | . . 1 . . . . . . . . . . . . . . . . . . . . . . . . . . Fabricators 13 | . . . . . . . . . . . . . . . . . . . . 3 . 5 3 1 1 . . . Prioritize 2 | . . . . . . . . . . . . . . . . . . . . . . 2 . . . . . . Liberate 2 | . . . . . . . . . . . . . . . . . . . . . . 1 1 . . . . . Fabnet 6 | . . . . . . . . . . . . . . . . . . . . 1 . 1 2 1 1 . . . Haulers 2 | . . . . . . . . . . . . . . . . . . . . 1 . 1 . . . . . . Overload 1 | . . . . . . . . . . . . . . . . . . . . 1 . . . . . . . . Repair Stations . | . . . . . . . . . . . . . . . . . . . . . . . . . . . . . Recycling Units . | . . . . . . . . . . . . . . . . . . . . . . . . . . . . . Scanalyzers . | . . . . . . . . . . . . . . . . . . . . . . . . . . . . . Garrison Access 15 | . . . . . . . . . . . . . . . . . . . . 6 . . 3 . . 6 . . Broadcast 3 | . . . . . . . . . . . . . . . . . . . . 1 . . 1 . . 1 . . Decoy 2 | . . . . . . . . . . . . . . . . . . . . 1 . . . . . 1 . . Redirect 2 | . . . . . . . . . . . . . . . . . . . . 1 . . . . . 1 . . Reprogram 3 | . . . . . . . . . . . . . . . . . . . . 1 . . 1 . . 1 . . Intercept 2 | . . . . . . . . . . . . . . . . . . . . 1 . . . . . 1 . . Watchers 3 | . . . . . . . . . . . . . . . . . . . . 1 . . 1 . . 1 . . Data Cores Recovered 1 | . . . . . . . . . . . . . . . . . . . . . . . . . . . 1 . Used 1 | . . . . . . . . . . . . . . . . . . . . . . . . . . . 1 . Hacking Detections 53 | . 2 3 2 2 . . . 2 . . . 5 3 . 3 . . . . 2 . 4 5 4 3 5 4 4 Full Trace Events 10 | . . 2 . 1 . . . . . . . . 1 . 2 . . . . . . 2 . 1 1 . . . Feedback Events 1 | . . . . . . . . . . . . . . . . . . . . . . . . 1 . . . . Corruption 1 | . . . . . . . . . . . . . . . . . . . . . . . . 1 . . . . Feedback Blocked . | . . . . . . . . . . . . . . . . . . . . . . . . . . . . . Robot Schematics Acquired 9 | . . . . . . . . . . . . 1 . . 1 . . . . . . . . 5 . 2 . . Robots Built . | . . . . . . . . . . . . . . . . . . . . . . . . . . . . . Authchips . | . . . . . . . . . . . . . . . . . . . . . . . . . . . . . Time . | . . . . . . . . . . . . . . . . . . . . . . . . . . . . . Total Robot Build Rating . | . . . . . . . . . . . . . . . . . . . . . . . . . . . . . Part Schematics Acquired 19 | . . . . . . . . . . . . . 1 . 2 . . . . 2 . 1 1 6 . 5 1 . Parts Built 1 | . . . . . . . . . . . . . . . . . . . . . . 1 . . . . . . Authchips . | . . . . . . . . . . . . . . . . . . . . . . . . . . . . . Time 58 | . . . . . . . . . . . . . . . . . . . . . . 58 . . . . . . Total Part Build Rating 7 | . . . . . . . . . . . . . . . . . . . . . . 7 . . . . . . Parts Repaired 5 | . . . . . . . . . . . . . . . 3 . . . . . . . . 1 . . 1 . Time 239 | . . . . . . . . . . . . . . . 87 . . . . . . 68 . 62 . . 22 . Parts Recycled . | . . . . . . . . . . . . . . . . . . . . . . . . . . . . . Recycled Matter . | . . . . . . . . . . . . . . . . . . . . . . . . . . . . . Retrieved Matter . | . . . . . . . . . . . . . . . . . . . . . . . . . . . . . Retrieved Components . | . . . . . . . . . . . . . . . . . . . . . . . . . . . . . Parts Scanalyzed 3 | . . . . . . . . . . . . . 1 . 2 . . . . . . . . . . . . . Part Schematics Acquired 3 | . . . . . . . . . . . . . 1 . 2 . . . . . . . . . . . . . Parts Damaged 2 | . . . . . . . . . . . . . 1 . 1 . . . . . . . . . . . . . Bothacking | -11 -10 -9 -8 -7 -7 -6 -6 -6 -6 -6 -6 -6 -5 -5 -5 -5 -5 -5 -4 -4 -4 -4 -3 -3 -2 -2 -1 -1 ------------ Run | Scr Mat Mat Mat Fac DSF Fac Was Fac Ext Cet Arc Hub Fac Was Fac Upp Upp War Pro Fac Was Fac Res Tes Res Qua Acc Com Used RIF Installer . | . . . . . . . . . . . . . . . . . . . . . . . . . . . . . Robots Hacked 24 | . . . . . . . . . 3 . . . . . . . . . . . . . 3 . 6 2 5 5 Non-combat 2 | . . . . . . . . . . . . . . . . . . . . . . . 1 . . . . 1 Combat 22 | . . . . . . . . . 3 . . . . . . . . . . . . . 2 . 6 2 5 4 Robot Hacks Applied 8 | . . . . . . . . . 3 . . . . . . . . . . . . . 1 . . . 1 3 parse_system 8 | . . . . . . . . . 3 . . . . . . . . . . . . . 1 . . . 1 3 Relay Couplers Released 2 | . . . . . . . . . . . . . . . . . . . . . . . . . 2 . . . Machine Destruction 2 | . . . . . . . . . . . . . . . . . . . . . . . . . 2 . . . Fabnet Peak Effective % 11 | . . . . . . . . . . . . . . . . . . . . . . . 6 6 11 11 6 6 Autooverrided 16 | . . . . . . . . . . . . . . . . . . . . . . . 2 . 6 2 4 2 Robots Rewired 6 | . . . . . . . . . 6 . . . . . . . . . . . . . . . . . . . Allies Hacked 1 | . . . . . . . . . . . . . . . . . . . . . . . . . . . 1 . Hacks Repelled 4 | . . . . . . . . . . . . . . . . . . . . . . . . . 1 . 3 . Allies | -11 -10 -9 -8 -7 -7 -6 -6 -6 -6 -6 -6 -6 -5 -5 -5 -5 -5 -5 -4 -4 -4 -4 -3 -3 -2 -2 -1 -1 -------- Run | Scr Mat Mat Mat Fac DSF Fac Was Fac Ext Cet Arc Hub Fac Was Fac Upp Upp War Pro Fac Was Fac Res Tes Res Qua Acc Com Total Allies 80 | . . . . . . . . 1 11 . . . . 19 . . . . . 3 20 3 5 . 6 3 7 2 Largest Group 19 | . . . . . . . . . 10 5 1 . . 19 . . . . . 3 19 18 5 . 2 1 4 1 Highest-Rated Group 702 | . . . . . . . . . 429 272 150 . . 702 . . . . . 157 684 657 322 . 133 58 213 82 Highest-Rated Ally 159 | . . . . . . . . . 159 159 150 . . 50 . . . . . 56 50 50 82 . 82 58 82 82 Total Orders . | . . . . . . . . . . . . . . . . . . . . . . . . . . . . . Ally Attacks 635 | . . . . . . . . . 161 38 . . . 138 . . . . . . 158 96 20 . 10 3 6 5 Total Damage 19730 | . . . . . . . . . 3319 759 . . . 6001 . . . . . . 5964 2360 560 . 262 131 104 270 Kills 63 | . . . . . . . . . 21 3 . . . 15 . . . . . . 7 11 2 . 1 . . 3 Allies Corrupted 3 | . . . . . . . . . 2 . . . . . . . . . . . . . 1 . . . . . Allies Melted . | . . . . . . . . . . . . . . . . . . . . . . . . . . . . . Intel | -11 -10 -9 -8 -7 -7 -6 -6 -6 -6 -6 -6 -6 -5 -5 -5 -5 -5 -5 -4 -4 -4 -4 -3 -3 -2 -2 -1 -1 ------- Run | Scr Mat Mat Mat Fac DSF Fac Was Fac Ext Cet Arc Hub Fac Was Fac Upp Upp War Pro Fac Was Fac Res Tes Res Qua Acc Com Robot Analysis Total 6 | . . . . . . . . . . . . . . . . . . . . 1 . . . . . 2 . 3 Derelict Logs Recovered 3 | . . . . . . . . . . . . . . . . 2 1 . . . . . . . . . . . Drone Launches 3 | . . . . . . . . . . . . . . . . . . . . . . . . 3 . . . . Drone Recoveries . | . . . . . . . . . . . . . . . . . . . . . . . . . . . . . Exploration | -11 -10 -9 -8 -7 -7 -6 -6 -6 -6 -6 -6 -6 -5 -5 -5 -5 -5 -5 -4 -4 -4 -4 -3 -3 -2 -2 -1 -1 ------------- Run | Scr Mat Mat Mat Fac DSF Fac Was Fac Ext Cet Arc Hub Fac Was Fac Upp Upp War Pro Fac Was Fac Res Tes Res Qua Acc Com Turns Passed 9939 | 111 174 74 85 17 31 62 29 85 955 349 722 374 415 275 368 199 226 712 127 154 215 352 262 344 317 500 696 1709 Spaces Moved 12408 | 53 138 170 158 52 34 195 86 216 661 123 261 198 455 419 830 318 674 888 365 451 446 530 556 574 439 947 1197 974 Core 49 | 2 . . . . . . . . . . . . 2 . . . . . . . . . . . . . 10 35 Treads 1050 | 51 76 . . . . . . . 134 123 261 198 123 . . . . . . . . . . . . . . 84 Legs 744 | . . . . . . . . . . . . . . . . . . . . . . . . . . . 9 735 Wheels 118 | . . . . . . . . . . . . . . . . . . . . . . . . . . . . 118 Hover 45 | . . . . . . . . . . . . . 43 . . . . . . . . . . . . . . 2 Flight 10402 | . 62 170 158 52 34 195 86 216 527 . . . 287 419 830 318 674 888 365 451 446 530 556 574 439 947 1178 . Fastest Speed 17 | 50 37 32 29 29 29 29 29 26 26 160 160 160 39 28 24 24 24 22 23 17 22 22 22 28 28 28 31 50 Average Speed 46 | 155 105 32 29 29 60 29 29 28 53 160 160 160 73 31 29 29 30 27 23 22 23 22 25 28 28 29 33 120 Slowest Speed 410 | 160 160 37 32 29 180 29 29 29 160 160 160 160 160 40 35 30 39 30 23 27 90 22 209 29 28 31 190 410 Overloaded Moves 47 | . . . . . . . . . . . . . . . 10 23 3 . . 11 . . . . . . . . Propulsion Burnouts . | . . . . . . . . . . . . . . . . . . . . . . . . . . . . . Robots Hopped 51 | . . 2 . . . . . 1 6 . . . . . 5 2 1 . . 4 . 1 2 5 . 5 17 . Cave-ins Triggered . | . . . . . . . . . . . . . . . . . . . . . . . . . . . . . Exploration Rate (%) 42 | 4 27 27 17 2 46 6 86 10 79 68 81 29 17 86 21 37 77 94 48 20 95 12 18 65 12 63 41 45 Regions Visited 28 Branch Regions 11 Pre-discovered Areas 1 | . . . . . . . . . . . . . . . . 1 . . . . . . . . . . . . Known Exits Taken 19 | . 1 1 1 1 . . . . 1 1 1 1 . . 1 1 1 1 1 . . 1 1 1 1 1 1 . Unknown Exits Taken 2 | 1 . . . . . . . 1 . . . . . . . . . . . . . . . . . . . . Scrap Searched 5 | . . . . . . . . . . . . . . . . 2 . . 3 . . . . . . . . . Spaces Dug 81 | . . . . . 1 . . . . . . 4 . . 3 6 1 7 . 1 . . 1 10 . 7 38 2 Terrain Destroyed 709 | . . . . . 1 . . . 36 1 3 162 21 . 3 6 1 141 138 1 19 58 1 10 3 7 89 8 Melee 41 | . . . . . 1 . . . . . . . . . 3 6 1 7 . 1 . . 1 5 . 7 7 2 Projectile 25 | . . . . . . . . . . . 3 4 1 . . . . . . . . . . 5 1 . 5 6 AOE 643 | . . . . . . . . . 36 1 . 158 20 . . . . 134 138 . 19 58 . . 2 . 77 . Terrain Rammed . | . . . . . . . . . . . . . . . . . . . . . . . . . . . . . Walls Destroyed . | . . . . . . . . . . . . . . . . . . . . . . . . . . . . . Machines Disabled . | . . . . . . . . . . . . . . . . . . . . . . . . . . . . . Actions | -11 -10 -9 -8 -7 -7 -6 -6 -6 -6 -6 -6 -6 -5 -5 -5 -5 -5 -5 -4 -4 -4 -4 -3 -3 -2 -2 -1 -1 --------- Run | Scr Mat Mat Mat Fac DSF Fac Was Fac Ext Cet Arc Hub Fac Was Fac Upp Upp War Pro Fac Was Fac Res Tes Res Qua Acc Com Total 15664 | 70 166 185 185 53 42 199 88 229 1173 206 417 227 521 559 938 405 687 1322 393 494 555 753 651 684 628 1130 1382 1322 Wait 2145 | . 1 11 . . . . . 3 352 11 28 2 43 122 95 76 1 373 8 28 100 203 70 62 179 133 122 122 Move 12287 | 52 137 166 157 51 33 195 85 213 648 122 260 198 455 418 819 313 671 887 364 443 445 526 551 563 438 939 1164 974 Hop 45 | . . 1 . . . . . 1 6 . . . . . 5 2 1 . . 4 . 1 2 5 . 2 15 . Pick Up 63 | 6 10 2 4 1 3 . . 1 5 2 3 . 1 . 1 . 1 1 . 2 1 1 1 1 2 2 4 8 Fast Attach 189 | 3 6 2 4 . . 3 2 2 17 5 8 1 8 10 6 2 3 11 3 5 1 3 5 9 2 14 8 46 Attach 41 | 3 . 1 2 . 1 . . 1 3 1 1 . 1 . . . . 1 1 3 1 2 2 1 1 2 4 9 Detach 40 | . . . 1 . . 1 . . 4 1 1 . . 2 . . . 4 1 2 . 2 3 1 1 3 1 12 Swap 40 | . . . 3 . . . . 1 10 3 1 . 1 . 2 . . 2 . . 1 1 1 2 . 1 4 7 Drop 168 | . 11 2 7 1 3 . 1 2 14 7 8 1 2 7 4 2 4 13 3 4 5 6 4 4 1 16 8 28 Fire 292 | 5 1 . . . . . . . 20 48 100 13 6 . . . . 19 12 . 1 3 . 10 4 . 13 37 Melee 259 | . . . 7 . 2 . . 5 31 . . . . . 6 10 6 11 1 3 . 4 12 26 . 18 39 78 Ram . | . . . . . . . . . . . . . . . . . . . . . . . . . . . . . Kick . | . . . . . . . . . . . . . . . . . . . . . . . . . . . . . Crush 33 | 1 . . . . . . . . 3 6 7 12 4 . . . . . . . . . . . . . . . Escape Stasis 37 | . . . . . . . . . 36 . . . . . . . . . . . . 1 . . . . . . Rewire 13 | . . . . . . . . . 12 . . . . . . . . . . . . . . . . . . 1 Trap 12 | . . . . . . . . . 12 . . . . . . . . . . . . . . . . . . . Miscellaneous . | . . . . . . . . . . . . . . . . . . . . . . . . . . . . . Route ------- -11/Scrapyard -10/Materials -9/Materials (discovered 2 exits: *Mat / [*Sto]) -8/Materials -7/Factory -7/DSF -6/Factory -6/Waste -6/Factory -6/Extension (discovered 2 exits: *Fac / *Cet) -6/Cetus -6/Archives (discovered 3 exits: *Fac / *Hub x2) -6/Hub_04(d) (discovered 4 exits: *Fac x4) -5/Factory -5/Waste -5/Factory (discovered 4 exits: *Fac x2 / *Upp x2) -5/Upper Caves -5/Upper Caves -5/Warlord -4/Proximity Caves -4/Factory -4/Waste -4/Factory (discovered 4 exits: *Res / Upp x2 / Arm) -3/Research (discovered 3 exits: *Res / *Tes x2) -3/Testing -2/Research (discovered 2 exits: *Qua x2) -2/Quarantine -1/Access -1/Command (discovered 1 exit: [*Sur]) History --------- Turn | Location | Event 7 | -11/Scrapyard | Discovered new exit (range 16) 112 | -11/Scrapyard | Entered Materials 270 | -10/Materials | Discovered new exit (range 8) 285 | -10/Materials | Identified exit to Materials 286 | -10/Materials | Entered another Materials area 286 | -9/Materials | Evolved 2 slots: Propulsion x1, Utility x1 328 | -9/Materials | Discovered new exit (range 11) 340 | -9/Materials | Discovered new exit (range 14) 359 | -9/Materials | Identified exit to Materials 360 | -9/Materials | Entered another Materials area 360 | -8/Materials | Evolved 2 slots: Propulsion x1, Utility x1 378 | -8/Materials | Garrison activated, responded to threat 438 | -8/Materials | Discovered new exit (range 4) 438 | -8/Materials | Identified exit to Factory 445 | -8/Materials | Entered Factory 445 | -7/Factory | Evolved 2 slots: Propulsion x1, Utility x1 462 | -7/Factory | Identified exit to DSF 462 | -7/Factory | Entered DSF 485 | -7/DSF | Discovered new exit (range 12) 492 | -7/DSF | Identified exit to Factory 493 | -7/DSF | Additional patrols routed to DSF 493 | -7/DSF | Entered Factory 493 | -6/Factory | Evolved 2 slots: Power x1, Utility x1 555 | -6/Factory | Manually triggered Chute Trap 555 | -6/Factory | Sucked down chute 555 | -6/Factory | Entered Waste 561 | -6/Waste | Spotted C-40 Crusher 564 | -6/Waste | Spotted C-40 Crusher 569 | -6/Waste | Spotted C-40 Crusher 570 | -6/Waste | EMP discharged 576 | -6/Waste | Spotted C-40 Crusher 579 | -6/Waste | Discovered new exit (range 14) 579 | -6/Waste | Spotted C-40 Crusher 584 | -6/Waste | Entered Factory 608 | -6/Factory | Garrison activated, responded to threat 665 | -6/Factory | Discovered new exit (range 15) 669 | -6/Factory | Entered Extension 719 | -6/Extension | Rescued a captive Derelict 725 | -6/Extension | Build established: Hacker-Sprinter 729 | -6/Extension | Rescued a captive Derelict 729 | -6/Extension | Rescued a captive Derelict 742 | -6/Extension | Rescued a captive Derelict 792 | -6/Extension | Rescued A7 1214 | -6/Extension | Spotted B-75 Beast 1284 | -6/Extension | Allies destroyed B-75 Beast 1286 | -6/Extension | Spotted B-75 Beast 1313 | -6/Extension | Destroyed B-75 Beast 1329 | -6/Extension | System corruption reached 10% 1346 | -6/Extension | Lost 6 parts (1p2n3u) 1444 | -6/Extension | Disrupted transfer network 1588 | -6/Extension | Discovered new exit (range 16) 1588 | -6/Extension | Discovered new exit (range 16) 1621 | -6/Extension | Identified exit to Cetus 1624 | -6/Extension | Entered Cetus 1624 | -6/Cetus | Accompanied by 5 allies (A7) 1629 | -6/Cetus | Acquired a Cetus Manufacturing Module code from A7 1633 | -6/Cetus | Build established: Scavenger-Mutant 1646 | -6/Cetus | Spotted Cetus Guard 1646 | -6/Cetus | Spotted Cetus Guard 1655 | -6/Cetus | Spotted Cetus Guard 1659 | -6/Cetus | Spotted Cetus Guard 1661 | -6/Cetus | Destroyed Cetus Guard 1679 | -6/Cetus | Destroyed Cetus Guard 1680 | -6/Cetus | Allies destroyed Cetus Guard 1705 | -6/Cetus | Destroyed Cetus Guard 1792 | -6/Cetus | Cetus Manufacturing Module disabled 1854 | -6/Cetus | Escorted A7 to Cetus Mainframe 1902 | -6/Cetus | Discovered new exit (range 16) 1924 | -6/Cetus | Identified exit to Archives 1973 | -6/Cetus | Entered Archives 1973 | -6/Archives | Accompanied by 1 ally (A7) 1978 | -6/Archives | Received a hacking code to weaken MAIN.C 2217 | -6/Archives | Discovered new exit (range 16) 2276 | -6/Archives | Discovered new exit (range 13) 2438 | -6/Archives | Discovered new exit (range 16) 2508 | -6/Archives | Identified exit to Hub_04(d) 2695 | -6/Archives | Entered Hub_04(d) 2734 | -6/Hub_04(d) | Identified exit to Factory 2889 | -6/Hub_04(d) | Network Hub disabled 2994 | -6/Hub_04(d) | Lost 3 parts (1p1u1w) 3069 | -6/Hub_04(d) | Entered Factory 3069 | -5/Factory | Evolved 2 slots: Propulsion x1, Utility x1 3326 | -5/Factory | Lost 5 parts (1p2n1u1w) 3395 | -5/Factory | Discovered new exit (range 15) 3400 | -5/Factory | Identified exit to Factory 3484 | -5/Factory | Manually triggered Chute Trap 3484 | -5/Factory | Sucked down chute 3484 | -5/Factory | Entered Waste 3496 | -5/Waste | Spotted C-40 Crusher 3511 | -5/Waste | Spotted C-40 Crusher 3514 | -5/Waste | Warlord forces began an assault 3555 | -5/Waste | Spotted C-40 Crusher 3570 | -5/Waste | Spotted C-40 Crusher 3590 | -5/Waste | Build established: Mutant 3594 | -5/Waste | Spotted C-40 Crusher 3600 | -5/Waste | Allies destroyed C-40 Crusher 3652 | -5/Waste | Spotted C-40 Crusher 3663 | -5/Waste | Allies destroyed C-40 Crusher 3674 | -5/Waste | Discovered new exit (range 12) 3683 | -5/Waste | Found Adv. Powered Armor 3759 | -5/Waste | Identified exit to Factory 3759 | -5/Waste | Entered Factory 3835 | -5/Factory | Repaired Adv. Powered Armor 3867 | -5/Factory | Repaired Adv. Surge Thruster 3880 | -5/Factory | Identified exit to DSF 3985 | -5/Factory | Discovered exit to Factory (range 5) 4016 | -5/Factory | Repaired Impulse Thruster Array 4042 | -5/Factory | Discovered exit to Factory (range 6) 4049 | -5/Factory | Identified exit to Upper Caves 4127 | -5/Factory | Entered Upper Caves 4128 | -5/Upper Caves | Encountered a Warlord checkpoint 4152 | -5/Upper Caves | Identified exit to Upper Caves 4155 | -5/Upper Caves | Learned location of Armory (-4) 4316 | -5/Upper Caves | Build established: Hacker-Sprinter 4324 | -5/Upper Caves | Attracted the attention of an 0b10 checkpoint 4326 | -5/Upper Caves | Entered another Upper Caves area 4474 | -5/Upper Caves | Encountered a Warlord checkpoint 4481 | -5/Upper Caves | Discovered new exit (range 5) 4484 | -5/Upper Caves | Learned 4 Factory zone layouts 4490 | -5/Upper Caves | Found Alien Artifact 4494 | -5/Upper Caves | Identified exit to Warlord 4552 | -5/Upper Caves | Entered Warlord 4573 | -5/Warlord | Discovered new exit (range 8) 4745 | -5/Warlord | Warlord's base attacked by MAIN.C 4762 | -5/Warlord | Met Warlord 4775 | -5/Warlord | Found Prototype Device 4775 | -5/Warlord | Identified Exp. Focal Shield 4777 | -5/Warlord | Found Prototype Processor 4777 | -5/Warlord | Identified Spectral Analyzer 4805 | -5/Warlord | Found Prototype Launcher 4805 | -5/Warlord | Identified Vortex Catalyst Activator 5039 | -5/Warlord | Build established: Hacker-Scout 5087 | -5/Warlord | Spotted Striker 5095 | -5/Warlord | Warlord forces counterattacked 5096 | -5/Warlord | Spotted Striker 5129 | -5/Warlord | Destroyed 8 combat bots 5258 | -5/Warlord | Spotted Executioner 5258 | -5/Warlord | Spotted Striker 5264 | -5/Warlord | Identified exit to Proximity Caves 5264 | -5/Warlord | Entered Proximity Caves 5390 | -4/Proximity Caves | Discovered exit to Factory (range 6) 5391 | -4/Proximity Caves | Entered Factory 5391 | -4/Factory | Evolved 2 slots: Utility x2 5509 | -4/Factory | Found Prototype Processor 5509 | -4/Factory | Identified Exp. Terrain Scan Processor 5538 | -4/Factory | Spotted B-86 Titan 5542 | -4/Factory | Spotted B-86 Titan 5545 | -4/Factory | Sucked down chute 5545 | -4/Factory | Entered Waste 5545 | -4/Waste | Spotted C-40 Crusher 5546 | -4/Waste | Met a frightened Derelict 5546 | -4/Waste | Spotted C-40 Crusher 5551 | -4/Waste | Spotted C-40 Crusher 5552 | -4/Waste | Spotted C-40 Crusher 5554 | -4/Waste | Spotted C-40 Crusher 5555 | -4/Waste | Identified Dimensional Node Initializer 5555 | -4/Waste | Initialized slip node 5558 | -4/Waste | Found Broken Enh. Force Lance 5568 | -4/Waste | Spotted C-40 Crusher 5632 | -4/Waste | Warlord forces began an assault 5676 | -4/Waste | Allies destroyed C-40 Crusher 5681 | -4/Waste | Allies destroyed C-40 Crusher 5694 | -4/Waste | Allies destroyed C-40 Crusher 5696 | -4/Waste | Allies destroyed C-40 Crusher 5699 | -4/Waste | Allies destroyed C-40 Crusher 5705 | -4/Waste | Allies destroyed C-40 Crusher 5710 | -4/Waste | Discovered new exit (range 23) 5715 | -4/Waste | Identified exit to Factory 5760 | -4/Waste | Entered Factory 5760 | -4/Factory | Accompanied by 18 allies 5935 | -4/Factory | Fabricated Lrn. Sensor Array? 5951 | -4/Factory | Discovered new exit (range 6) 5952 | -4/Factory | Identified exit to Research 5968 | -4/Factory | Identified exit to Upper Caves 5968 | -4/Factory | Identified exit to Armory 6112 | -4/Factory | Entered Research 6112 | -3/Research | Accompanied by 4 allies 6112 | -3/Research | Evolved 2 slots: Utility x1, Weapon x1 6118 | -3/Research | Discovered new exit (range 11) 6188 | -3/Research | Identified exit to Testing 6291 | -3/Research | Spotted B-86 Titan 6309 | -3/Research | Discovered new exit (range 13) 6342 | -3/Research | Identified exit to Research 6363 | -3/Research | Local machine network offline 6374 | -3/Research | Entered Testing 6392 | -3/Testing | Lost 4 parts (2n2u) 6463 | -3/Testing | Repaired Adv. Reaction Control System? 6483 | -3/Testing | Found Prototype Device 6483 | -3/Testing | Identified Exp. Thermal Shield 6528 | -3/Testing | Found Prototype Energy Cannon 6528 | -3/Testing | Identified Null Cannon 6565 | -3/Testing | Scanned by Researcher 6610 | -3/Testing | Spotted Striker 6618 | -3/Testing | Protovariant out of control (PX-US2XJ9STOJ) 6618 | -3/Testing | Unleashed a protovariant (PX-US2XJ9STOJ) 6653 | -3/Testing | Spotted Investigator 6713 | -3/Testing | Discovered exit to Research (range 20) 6718 | -3/Testing | Entered Research 6718 | -2/Research | Warlord forces began assault on 0b10 6718 | -2/Research | Evolved 2 slots: Propulsion x1, Utility x1 6731 | -2/Research | Identified exit to Quarantine 6741 | -2/Research | Met up with Warlord 6760 | -2/Research | Spotted B-90 Cyclops 6786 | -2/Research | Local machine network offline 7035 | -2/Research | Entered Quarantine 7067 | -2/Quarantine | Found Alien Artifact 7067 | -2/Quarantine | Identified Phase Redirector 7098 | -2/Quarantine | Found Alien Artifact 7098 | -2/Quarantine | Identified Phase Armor 7110 | -2/Quarantine | Found Alien Impact Weapon 7112 | -2/Quarantine | Identified Core Stripper 7350 | -2/Quarantine | Identified exit to Access 7478 | -2/Quarantine | Found Alien Slashing Weapon 7478 | -2/Quarantine | Identified Sigix Broadsword 7535 | -2/Quarantine | Entered Access 7535 | -1/Access | Evolved 2 slots: Propulsion x1, Utility x1 7628 | -1/Access | Repaired Impulse Thruster Array 7663 | -1/Access | Identified exit to Command 7876 | -1/Access | Local machine network offline 7876 | -1/Access | P-80 Master assimilated hostile W-44 Eye 7936 | -1/Access | Build established: Wizard-Ninja 8061 | -1/Access | Found Prototype Hackware 8061 | -1/Access | Identified Exp. System Shield 8231 | -1/Access | Entered Command 8257 | -1/Command | Lost 10 parts (1p4n4u1w) 8481 | -1/Command | Search patrols dispatched 8505 | -1/Command | Build established: Wizard-Mutant 8867 | -1/Command | Build established: Wizard-Gladiator 9027 | -1/Command | Spotted B-99 Colossus 9119 | -1/Command | Found Quantum Capacitor 9315 | -1/Command | Disengaged cave seal 9315 | -1/Command | Derelicts emerged from the dark tunnel 9315 | -1/Command | Welcomed Warlord to Command 9514 | -1/Command | Spotted AN-1BT(L) 9529 | -1/Command | P-80 Master assimilated allied 2Y-H09(l) 9541 | -1/Command | Spotted Striker 9543 | -1/Command | Spotted Alpha 7 9557 | -1/Command | Spotted Alpha 7 9560 | -1/Command | Spotted Striker 9565 | -1/Command | Spotted Executioner 9565 | -1/Command | Spotted Executioner 9567 | -1/Command | Spotted B-99 Colossus 9577 | -1/Command | Spotted Executioner 9577 | -1/Command | Spotted Executioner 9594 | -1/Command | Spotted B-99 Colossus 9601 | -1/Command | Discovered new exit (range 23) 9613 | -1/Command | Destroyed Executioner 9620 | -1/Command | Found Corrupted Prototype Device 9620 | -1/Command | Identified Adv. Kinecellerator 9726 | -1/Command | Spotted M Guard 9742 | -1/Command | Spotted M Guard 9742 | -1/Command | Spotted Combat Programmer 9742 | -1/Command | Spotted Combat Programmer 9743 | -1/Command | Warlord commented on Warlord statues 9759 | -1/Command | Destroyed M Guard 9773 | -1/Command | Destroyed M Guard 9775 | -1/Command | Destroyed Combat Programmer 9775 | -1/Command | All MAIN.C guards destroyed 9839 | -1/Command | Met MAIN.C 9841 | -1/Command | Warlord shut down involuntarily 9843 | -1/Command | 0b10 Conduit disabled 9858 | -1/Command | System corruption reached 10% 9872 | -1/Command | Core integrity fell below 50% 9880 | -1/Command | Destroyed MAIN.C Shell 9882 | -1/Command | MAIN.C activated Command garrisons 9932 | -1/Command | Core integrity fell below 20% 9940 | -1/Command | Destroyed by MAIN.C with Omega Cannon Last Messages --------------- 09908_ Biometal Heavy Treads destroyed. 09908_ Knocked back. 09913_ MAIN.C suffers critical hit (Burn). 09914_ Slug penetrates 0b10 Conduit. 09914_ Knocked back. 09919_ Slug penetrates 0b10 Conduit. 09921_ Quantum Reactor destroyed. 09921_ Lgt. Quantum Reactor destroyed. 09921_ Knocked back. 09923_ System corrupted: Energy discharge (-25). 09924_ 1I-M5Q(M) destroyed. 09924_ Adv. Hardlight Generator destroyed. 09924_ Knocked back. 09927_ Spectral Analyzer destroyed. 09927_ Knocked back. 09931_ Exp. Cooling System destroyed. 09931_ Knocked back. 09931_ NV-F1Q(M) destroyed. 09934_ Adv. Heat Sink destroyed. 09934_ Knocked back. Map ----- +----------------------------------------------------+ | ?????????????????????????????????????????????????? | | ?????????????????????????????????????????????????? | | ?????????????????????????????????????????????????? | | ?????????????????????????????????????????????????? | | ?????????????????????????????????????????????????? | | ?????????????????????????????????????????????????? | | ?????????????????????????????????????????????????? | | ?????????????????????????????????????????????????? | | ?????????????????????????????????????????????????? | | ?????????????????????????????????????????????????? | | ?????????????????????????????????????????????????? | | ?????????????????????????????????????????????????? | | ?????????????????????????????????????????????????? | | ?????????????????????????????????????????????????? | | ?????????????????????????????????????????????????? | | ??????????????????#####################??????????? | | ??????????????????"""""" """" #??????????? | | ?????????????????"" "" #??????????? | | ????????????????#""""" "" ############ | | ????????????????#""""""""""" % | | ????????????????#" " """ !g= | | ????????????????#"" """"" g!/| | | ????????????????#"" """" p g############ | | ????????????????# " """" b% #??????????? | | ????????????????# " M % #??????????? | | ????????????????# " % %@% % % #??????????? | | ????????????????#""""" % % " """#??????????? | | ????????????????#"" % % """""#??????????? | | ????????????????# "" """"#??????????? | | ????????????????# " " " #??????????? | | ????????????????# " " " #??????????? | | ????????????????" " " " """" " #??????????? | | ????????????????" """ " " """" #??????????? | | ????????????????" " " " " #??????????? | | ????????????????# """""" """ " #??????????? | | ????????????????# " """ " """"""""#??????????? | | ????????????????# """ " " " #??????????? | | ????????????????#######################??????????? | | ?????????????????????????????????????????????????? | | ?????????????????????????????????????????????????? | | ?????????????????????????????????????????????????? | | ?????????????????????????????????????????????????? | | ?????????????????????????????????????????????????? | | ?????????????????????????????????????????????????? | | ?????????????????????????????????????????????????? | | ?????????????????????????????????????????????????? | | ?????????????????????????????????????????????????? | | ?????????????????????????????????????????????????? | | ?????????????????????????????????????????????????? | | ?????????????????????????????????????????????????? | +----------------------------------------------------+ Best States ------------- Heat Dissipation 109 Energy Generation 45 Energy Capacity 560 Matter Stores 300 Matter Capacity 300 Sight Range 24 Robot Scan Range 18 Terrain Scan Range 14 Terrain Scan Density 1010 Jamming Range 16 Armor Coverage 750 Resistance: KI 30 Resistance: TH 30 Power Shielding 66 Point Defense Rating 480 Melee Speed Boost 20 Phase Shifting 5 Evasion (%) 77 Melee Accuracy 8 Target Analysis 8 Core Analysis 6 Recoil Reduction 5 Energy Filtering 50 Particle Charging 25 Kinecelleration 50 Offensive Hacking 50 Defensive Hacking 50 Authchip Count 2 Item Schematics ----------------- Adv. Variable Charge Gun | -5/Factory | Scanalyzed Smartbomb Launcher | -5/Factory | Scanalyzed Imp. System Shield | -5/Factory | Scanalyzed Adv. Remote Datajack | -4/Factory | Hacked Adv. Hacking Suite | -4/Factory | Hacked Lrn. Sensor Array | -4/Factory | Hacked Adv. Powered Armor | -3/Research | Hacked Hvy. Neutron Cannon | -3/Testing | Archive Exp. Energy Well | -3/Testing | Archive Imp. Lightning Gun | -3/Testing | Archive Exp. Heat Sink | -3/Testing | Archive Centrium Heavy Armor Plating | -3/Testing | Archive Imp. Diametric Drive | -3/Testing | Archive Exp. Coolant Injector | -2/Quarantine | Archive Cld. Antigrav System | -2/Quarantine | Archive Cld. Q-thruster | -2/Quarantine | Archive Tri-rail Accelerator | -2/Quarantine | Archive Hvy. Gatling Laser | -2/Quarantine | Archive Exp. Reaction Control System | -1/Access | Hacked Robot Schematics ------------------ S-27 Virus | -6/Hub_04(d) | Hacked P-70 Sage | -5/Factory | Hacked C-35 Carver | -3/Testing | Archive G-67 Veteran | -3/Testing | Archive T-07 Excavator | -3/Testing | Archive O-32 Director | -3/Testing | Archive A-15 Conveyor | -3/Testing | Archive X-82 Rainmaker | -2/Quarantine | Archive G-73 Enforcer | -2/Quarantine | Archive Fabricated ------------ Lrn. Sensor Array | x1 | -4/Factory Alien Tech Used ----------------- Dimensional Node Initializer Phase Redirector Phase Armor Core Stripper Sigix Broadsword Achievements -------------- None Challenges ------------ None Game ------ Seed HypervelocityBombBeamcaster Manual? 0 Play Time 03:31:56 Cumulative 330.5 hours Start 2022.07.21 @ 12:20:12 End 2022.07.21 @ 16:19:46 Sessions 1 Manual Loads 0 Difficulty Rogue Special Mode None Game No. 117 Rogue 102 Adventurer 15 Explorer 0 Win Type - Total 16 Types 5/0/6/1/2/0/2/0/0 Lore% 92 Gallery% 91 Achievement% 80 Wizard Run 0 Options --------- ASCII 0 Keyboard 0 Movement Numpad Keybinds 0 Fullscreen 1 Font 18/SmallcapsGlow Map View 76x50 Tactical HUD 1 Map Filters NONE Filters NONE Steam 1 RUN: c2752414-6cd8-4796-99e1-7dc52f516ada